AoeStats
← Snobyman

Arena

508849787Analyzed
4v4 RM · 9d ago on Sep 24, 2026· 59m 46s· 8 players
Game mode
Random Map
Map size
Large (8 player)
Population
200
Speed
Normal
Resources
Standard
Victory
Conquest
Starting age
Dark Age
Ending age
Imperial Age
RankedLock teamsTeams togetherTeam positionsShared explorationLock speedFull tech treeHidden civsTurbo modeCheats
Victory
Defeat
666
+7
🇱🇧 Romans · Lebanon
617
+9
🇻🇳 Vikings · Vietnam
613
+9
🇪🇸 Khitans · Spain
481
+14
🇨🇳 Varangians · China
542
-13
🇧🇷 Romans · Brazil
432
-9
🇦🇺 Saxons · Australia
423
-9
🇬🇧 Persians · United Kingdom
383
-8
Snobyman
1:26 Loom
14:34 Feudal Age
18:16 Wheelbarrow
17:29 Horse Collar
17:40 Double-Bit Axe
17:51 Gold Mining
17:52 Stone Mining
23:20 Castle Age
24:37 Heavy Plow
24:55 Bow Saw
25:27 Gold Shaft Mining
27:16 Hand Cart
28:42 Caravan
29:13 Coinage
30:35 Arson
30:51 Squires
30:12 Pikeman
30:38 Gambesons
30:14 Man-at-Arms
31:32 Heated Shot
31:23 Treadmill Crane
35:12 Clerical Recruitment
37:58 Forging
37:48 Scale Mail Armor
37:39 Fletching
38:15 Ballistics
38:06 Masonry
37:52 Murder Holes
38:08 Fortified Wall
37:48 Guard Tower
44:32 Imperial Age
42:41 Chain Mail Armor
43:02 Iron Casting
42:22 Bodkin Arrow
42:29 Padded Archer Armor
44:40 Scale Barding Armor
44:32 Bodkin Arrow
44:45 Husbandry
45:03 Bloodlines
45:52 Cavalier
50:05 Hoardings
50:37 Elite Hearth Troop
52:03 Shield Wall
56:36 Chain Barding Armor
56:47 Plate Mail Armor
krissy2b3
1:13 Loom
13:59 Feudal Age
14:18 Horse Collar
15:22 Wheelbarrow
15:25 Town Watch
15:30 Arson
16:01 Double-Bit Axe
16:29 Gold Mining
16:52 Stone Mining
18:13 Man-at-Arms
19:29 Padded Archer Armor
21:48 Forging
21:29 Fletching
21:40 Scale Mail Armor
26:39 Castle Age
27:38 Scale Barding Armor
28:45 Hand Cart
28:31 Town Patrol
28:11 Long Swordsman
28:52 Squires
28:38 Gambesons
28:13 Pikeman
28:15 Crossbowman
29:39 Elite Skirmisher
32:51 Ballistics
33:09 Light Cavalry
36:51 Siphons
39:05 Coinage
39:00 Bow Saw
41:17 Thumb Ring
41:10 Murder Holes
41:06 Guard Tower
Apollo 1984
13:37 Feudal Age
21:38 Castle Age
20:29 Horse Collar
23:15 Heavy Plow
27:04 Gold Mining
27:05 Stone Mining
27:56 Double-Bit Axe
28:21 Caravan
28:52 Coinage
30:51 Fortified Wall
30:55 Masonry
35:55 Imperial Age
40:22 Heavy Scorpion
44:02 Ballistas
43:42 Onager
52:19 Forging
52:15 Scale Barding Armor
不知名南波湾
0:35 Loom
11:37 Feudal Age
12:43 Double-Bit Axe
13:39 Horse Collar
16:12 Wheelbarrow
16:28 Stone Mining
24:38 Castle Age
26:12 Bow Saw
26:45 Stone Shaft Mining
26:12 Gold Mining
27:29 Heavy Plow
28:56 Hand Cart
28:27 Town Watch
31:10 Hand Cart
32:24 Vendel Legacy
40:25 Imperial Age
39:14 Scale Barding Armor
39:19 Forging
39:00 Fletching
39:10 Padded Archer Armor
39:15 Husbandry
39:25 Bloodlines
40:51 Caravan
42:48 Elite Jarl
44:06 Chain Barding Armor
44:22 Iron Casting
44:03 Leather Archer Armor
43:44 Bodkin Arrow
45:44 Guard Tower
46:03 Murder Holes
47:59 Plate Barding Armor
48:25 Blast Furnace
47:57 Ring Archer Armor
47:35 Bracer
50:54 Coinage
50:34 Guilds
54:34 Guilds
58:41 Chemistry
58:04 Ballistics
57:56 Fortified Wall
57:47 Treadmill Crane
58:19 Masonry
Oklaf74
0:26 Loom
12:21 Feudal Age
13:41 Wheelbarrow
13:01 Double-Bit Axe
19:01 Castle Age
21:40 Bow Saw
21:18 Domestication
22:33 Caravan
24:04 Hand Cart
25:53 Pastoralism
26:51 Squires
26:49 Gambesons
27:20 Scale Mail Armor
29:20 Forging
34:16 Iron Casting
34:05 Chain Mail Armor
36:10 Lamellar Armor
38:54 Imperial Age
40:31 Plate Mail Armor
40:29 Conscription
40:16 Ordo Cavalry
39:49 Capped Ram
43:17 Two-Man Saw
42:39 Elite Fire Lancer
yehyayehya125
14:59 Feudal Age
15:49 Man-at-Arms
17:13 Wheelbarrow
16:24 Town Watch
16:39 Horse Collar
17:10 Double-Bit Axe
23:27 Castle Age
21:30 Scale Mail Armor
22:30 Loom
24:15 Town Patrol
24:42 Chain Mail Armor
24:40 Long Swordsman
35:02 Imperial Age
33:35 Pikeman
34:16 Squires
34:19 Heavy Plow
35:10 Crossbowman
36:31 Elite Skirmisher
37:24 Forging
37:05 Fletching
37:16 Padded Archer Armor
37:22 Scale Barding Armor
38:23 Hand Cart
38:03 Gold Mining
39:33 Gold Shaft Mining
39:50 Crop Rotation
39:33 Bow Saw
39:33 Husbandry
41:41 Stone Mining
41:31 Halberdier
42:20 Cavalier
44:42 Heavy Scorpion
48:16 Iron Casting
47:38 Bodkin Arrow
47:58 Leather Archer Armor
48:03 Chain Barding Armor
52:12 Legionary
54:06 Chemistry
60:24 Ballistics
61:14 Blast Furnace
60:44 Ring Archer Armor
60:35 Chain Barding Armor
GURU
0:45 Loom
10:26 Feudal Age
10:54 Double-Bit Axe
11:31 Man-at-Arms
18:54 Castle Age
17:44 Town Watch
18:36 Scale Mail Armor
18:49 Horse Collar
20:05 Bow Saw
19:34 Long Swordsman
25:04 Heavy Plow
31:40 Imperial Age
30:02 Gold Mining
30:35 Chain Mail Armor
31:41 Forging
33:00 Iron Casting
33:46 Two-Man Saw
33:49 Crop Rotation
32:45 Two-Handed Swordsman
33:54 Conscription
35:18 Champion
40:25 Plate Mail Armor
42:19 Blast Furnace
41:42 Chieftains
42:48 Caravan
42:51 Elite Varangian Guard
44:33 Heated Shot
50:22 Town Patrol
52:52 Coinage
55:41 Pikeman
不穿内裤真龙不被束缚
0:37 Loom
12:56 Feudal Age
14:21 Horse Collar
17:27 Castle Age
15:51 Double-Bit Axe
16:30 Stone Mining
21:34 Bow Saw
21:51 Heavy Plow
25:07 Arson
25:23 Squires
25:09 Gambesons
28:03 Husbandry
28:14 Bloodlines
30:33 Scale Barding Armor
30:28 Scale Mail Armor
30:39 Forging
30:19 Fletching
30:30 Padded Archer Armor
30:44 Gold Mining
31:03 Light Cavalry
37:27 Imperial Age
36:31 Chain Barding Armor
36:27 Leather Archer Armor
36:08 Bodkin Arrow
36:28 Chain Mail Armor
36:49 Iron Casting
37:18 Wheelbarrow
38:36 Elite Conquistador
38:38 Hussar
41:35 Cavalier
41:58 Capped Ram
45:02 Plate Barding Armor
44:57 Ring Archer Armor
44:28 Bracer
44:59 Plate Mail Armor
45:29 Blast Furnace
44:17 Paladin
47:51 Chemistry
47:57 Ballistics
50:32 Caravan
55:42 Stone Shaft Mining
Connection lost

Rejoining the realm…

Still unreachable

The connection could not be restored.

Session expired

The server has moved on; the page needs a fresh start.